[Event "January 9 Late 2024"]
[Site "https://www.chess.com"]
[Date "2024.01.09"]
[Round "10"]
[White "Lopusiewicz, Piotr"]
[Black "Kosteniuk, Alexandra"]
[Result "0-1"]
[Board "55"]
[TimeControl "180+1"]
[WhiteFideId "1116029"]
[BlackFideId "4128125"]
[WhiteElo "2518"]
[BlackElo "2715"]
[WhiteTeam "POL"]
[BlackTeam "SUI"]
[WhiteClock "0:00:00"]
[BlackClock "0:00:28"]

1. d4 f5 2. Bf4 Nf6 3. e3 g6 4. h4 h6 5. Nc3 d6 6. Bc4 e6 7. Nge2 Bg7 8. Qd2 Qe7 9. Bh2 Nbd7 10. O-O-O a6 11. Nf4 Nf8 12. f3 b5 13. Bb3 g5 14. hxg5 hxg5 15. Nh3 g4 16. Nf4 Bb7 17. Qf2 O-O-O 18. Bg3 Rxh1 19. Rxh1 c5 20. dxc5 dxc5 21. a3 c4 22. Ba2 e5 23. Nh5 Nxh5 24. Rxh5 gxf3 25. gxf3 Qd7 26. e4 f4 27. Bh4 Qd4 28. Qe2 Rd7 29. Bf2 Qd6 30. Bxc4 bxc4 31. Qxc4+ Kb8 32. Bc5 Qg6 33. Rf5 Ne6 34. Nd5 Nxc5 35. Qxc5 Bxd5 36. Qb4+ Bb7 37. Kb1 Qd6 38. Qc4 Rc7 39. Qg8+ Ka7 0-1

[Event "January 9 Late 2024"]
[Site "https://www.chess.com"]
[Date "2024.01.09"]
[Round "10"]
[White "Rozman, Levy"]
[Black "Murtazin, Bulat"]
[Result "1-0"]
[Board "56"]
[TimeControl "180+1"]
[WhiteFideId "2039877"]
[BlackFideId "24151351"]
[WhiteElo "2703"]
[BlackElo "2513"]
[WhiteTeam "USA"]
[BlackTeam "RUS"]
[WhiteClock "0:00:59"]
[BlackClock "0:00:00"]

1. e4 e6 2. b3 d5 3. Bb2 dxe4 4. Nc3 Nf6 5. Qe2 Be7 6. g4 Nc6 7. Nxe4 Nd4 8. Qd3 Nxe4 9. Qxe4 c5 10. Nf3 Bf6 11. O-O-O Bd7 12. Nxd4 cxd4 13. g5 Bc6 14. Bb5 Bxb5 15. gxf6 gxf6 16. Qxb7 Rb8 17. Qxa7 d3 18. c4 Bc6 19. Rhg1 e5 20. Rg7 Rb7 21. Qc5 Qb6 22. Qxb6 Rxb6 23. f4 Bf3 24. Re1 e4 25. Bd4 Ra6 26. Kb2 Ke7 27. a4 h5 28. h4 Rb8 29. Kc3 f5 30. Rg3 Kf8 31. Bc5+ Ke8 32. Rg8+ Kd7 33. Rxb8 Rg6 34. a5 Rg4 35. a6 Rxf4 36. a7 e3 37. Rxe3 Bh1 38. Rxd3+ Ke6 39. a8=N Bxa8 40. Rxa8 1-0

[Event "January 9 Late 2024"]
[Site "https://www.chess.com"]
[Date "2024.01.09"]
[Round "10"]
[White "Martinez Pla, Xavier"]
[Black "Kleiman, Jake"]
[Result "0-1"]
[Board "57"]
[TimeControl "180+1"]
[WhiteFideId "32074271"]
[BlackFideId "2020041"]
[WhiteElo "2518"]
[BlackElo "2664"]
[WhiteTeam "ESP"]
[BlackTeam "USA"]
[WhiteClock "0:01:23"]
[BlackClock "0:00:29"]

1. e4 e5 2. Nf3 Nc6 3. d4 exd4 4. Nxd4 Bb4+ 5. c3 Bc5 6. Be3 Bb6 7. Nf5 Bxe3 8. Nxe3 Nge7 9. c4 O-O 10. Nc3 d6 11. Be2 f5 12. f3 fxe4 13. Nxe4 Nf5 14. Nxf5 Bxf5 15. Qd5+ Kh8 16. O-O Qe7 17. Ng3 Qe3+ 18. Kh1 Be6 19. Qe4 Qxe4 20. Nxe4 Rae8 21. b3 h6 22. Rfe1 Re7 23. Ng3 Rfe8 24. Bd3 Bf7 25. Rxe7 Rxe7 26. Kg1 g6 27. Kf2 Kg7 28. h4 Kf6 29. Be4 Nd8 30. Rd1 b6 31. Bb1 Ne6 32. Ne4+ Kg7 33. g3 a5 34. Nc3 Nc5 35. g4 a4 36. Bc2 Re8 37. Nb5 axb3 38. axb3 Re7 39. Nd4 Kf6 40. Ra1 d5 41. cxd5 Bxd5 42. Ra7 Ne6 43. Nxe6 Bxe6 44. b4 g5 45. h5 c5 46. bxc5 Rxa7 0-1

[Event "January 9 Late 2024"]
[Site "https://www.chess.com"]
[Date "2024.01.09"]
[Round "10"]
[White "Rosen, Eric"]
[Black "Bellissimo, Joseph F."]
[Result "1-0"]
[Board "58"]
[TimeControl "180+1"]
[WhiteFideId "2032562"]
[BlackFideId "2609843"]
[WhiteElo "2653"]
[BlackElo "2510"]
[WhiteTeam "USA"]
[BlackTeam "CAN"]
[WhiteClock "0:01:09"]
[BlackClock "0:00:10"]

1. d4 Nf6 2. Bf4 e6 3. e3 d5 4. Nf3 Bd6 5. Ne5 O-O 6. Nd2 b6 7. h4 Bb7 8. Bd3 c5 9. c3 Nc6 10. h5 Ne7 11. h6 g6 12. Qf3 Ne4 13. Nxe4 dxe4 14. Bxe4 Bxe4 15. Qxe4 Nd5 16. Bg3 f6 17. Nxg6 Re8 18. Bxd6 Qxd6 19. Qg4 f5 20. Ne7+ 1-0

[Event "January 9 Late 2024"]
[Site "https://www.chess.com"]
[Date "2024.01.09"]
[Round "10"]
[White "Zhu, Jiner"]
[Black "Hungaski, Robert"]
[Result "1-0"]
[Board "59"]
[TimeControl "180+1"]
[WhiteFideId "8608059"]
[BlackFideId "2021030"]
[WhiteElo "2611"]
[BlackElo "2510"]
[WhiteTeam "CHN"]
[BlackTeam "USA"]
[WhiteClock "0:00:09"]
[BlackClock "0:00:00"]

1. e4 e5 2. Nf3 Nc6 3. Bb5 Nd4 4. Nxd4 exd4 5. O-O Bc5 6. d3 c6 7. Bc4 d5 8. exd5 cxd5 9. Bb5+ Bd7 10. Bxd7+ Qxd7 11. Nd2 Ne7 12. Nb3 Bb6 13. Bf4 O-O 14. Re1 Nc6 15. Qf3 Rfe8 16. Qg3 f6 17. a3 Kf7 18. h4 h5 19. Qf3 Qf5 20. Nd2 Kg6 21. Qg3+ Qg4 22. f3 Qxg3 23. Bxg3 a5 24. Rxe8 Rxe8 25. Re1 Rc8 26. Re2 a4 27. Kf2 Kf5 28. Nf1 Bc5 29. Ke1 b5 30. Kd1 b4 31. axb4 Nxb4 32. Be1 Nc6 33. Ng3+ Kg6 34. Bd2 Rb8 35. Re6 Rb6 36. Bc1 Kf7 37. Re2 g6 38. Nf1 Bd6 39. Nd2 Bg3 40. b3 axb3 41. Nxb3 Bxh4 42. Bb2 Bg3 43. Bxd4 Rxb3 44. cxb3 Nxd4 45. Rb2 Nb5 46. b4 Be5 47. Rc2 Bc3 48. Ra2 Bxb4 49. Rb2 Nc3+ 50. Kc2 Ba5 51. Rb7+ Ke6 52. Ra7 Bb4 53. Rb7 Ba5 54. Ra7 Bb4 55. Kb3 Nb5 56. Rb7 Nd4+ 57. Kxb4 Ke5 58. Rg7 Kf5 59. Kc5 Ne2 60. Kxd5 Nf4+ 61. Kc6 Nxg2 62. d4 Nf4 63. d5 h4 64. d6 h3 65. Rh7 Ke6 66. d7 1-0

[Event "January 9 Late 2024"]
[Site "https://www.chess.com"]
[Date "2024.01.09"]
[Round "10"]
[White "Pourkashiyan, Atousa"]
[Black "Yang, Kevin"]
[Result "1-0"]
[Board "60"]
[TimeControl "180+1"]
[WhiteFideId "12502014"]
[BlackFideId "30908485"]
[WhiteElo "2508"]
[BlackElo "2609"]
[WhiteTeam "USA"]
[BlackTeam "USA"]
[WhiteClock "0:01:38"]
[BlackClock "0:00:00"]

1. d4 Nf6 2. c4 e6 3. Nc3 Bb4 4. e3 O-O 5. Bd2 d5 6. Nf3 b6 7. cxd5 exd5 8. Bd3 a5 9. O-O Ba6 10. Bxa6 Nxa6 11. Ne5 Bd6 12. f4 c5 13. Be1 Nc7 14. Bh4 cxd4 15. exd4 b5 16. Qf3 b4 17. Bxf6 gxf6 18. Nc6 Qd7 19. Nxd5 Nxd5 20. Qxd5 Rfc8 21. Ne5 fxe5 22. fxe5 Qe6 23. Qxe6 fxe6 24. exd6 Rd8 25. Rac1 Rxd6 26. Rc7 Rxd4 27. h3 Rd2 28. Rff7 Rxb2 29. Rg7+ Kh8 30. Rxh7+ Kg8 31. Rcg7+ Kf8 32. Rf7+ Kg8 33. Rfg7+ Kf8 34. h4 Rc8 35. h5 Rc1+ 36. Kh2 Rc4 37. Kh3 Rd2 38. h6 Rd3+ 39. g3 1-0

[Event "January 9 Late 2024"]
[Site "https://www.chess.com"]
[Date "2024.01.09"]
[Round "10"]
[White "Golubev, Mikhail"]
[Black "Pesotskiy, Mikhail"]
[Result "0-1"]
[Board "61"]
[TimeControl "180+1"]
[WhiteFideId "14100983"]
[BlackFideId "34164453"]
[WhiteElo "2593"]
[BlackElo "2506"]
[WhiteTeam "UKR"]
[BlackTeam "RUS"]
[WhiteClock "0:00:00"]
[BlackClock "0:00:17"]

1. e4 e6 2. d4 d5 3. Nc3 Bb4 4. e5 c5 5. a3 Ba5 6. b4 cxd4 7. Qg4 Kf8 8. bxa5 dxc3 9. Nf3 Ne7 10. a4 Qxa5 11. Ba3 Nc6 12. Bb5 Qd8 13. O-O Bd7 14. Rfe1 Kg8 15. Re3 a6 16. Bd3 Nf5 17. Ree1 h5 18. Qf4 Rh6 19. Rad1 Qe8 20. Ng5 Nce7 21. h3 h4 22. a5 Bb5 23. Bxf5 Nxf5 24. Rxd5 exd5 25. Qxf5 Bd7 26. Qf4 Be6 27. Kh2 Rc8 28. Nf3 Rc4 29. Qc1 Qc6 30. Bd6 d4 31. Ng5 Rg6 32. f4 f6 33. exf6 Qxd6 34. Nxe6 Rxf6 0-1

[Event "January 9 Late 2024"]
[Site "https://www.chess.com"]
[Date "2024.01.09"]
[Round "10"]
[White "Ladan, Nicholas"]
[Black "Asish Panda"]
[Result "1/2-1/2"]
[Board "62"]
[TimeControl "180+1"]
[WhiteFideId "30918855"]
[BlackFideId "45012458"]
[WhiteElo "2504"]
[BlackElo "2578"]
[WhiteTeam "USA"]
[BlackTeam "IND"]
[WhiteClock "0:00:02"]
[BlackClock "0:00:08"]

1. Nf3 d5 2. g3 Nf6 3. Bg2 e6 4. O-O Be7 5. a4 O-O 6. a5 c5 7. d3 Nc6 8. Qe1 Bd7 9. e4 Nd4 10. Nxd4 cxd4 11. e5 Ne8 12. b4 Rc8 13. Na3 a6 14. Bb2 Nc7 15. Bxd4 Nb5 16. Nxb5 Bxb5 17. Qd2 f5 18. f4 Rc6 19. Rac1 Qd7 20. Bf2 Rfc8 21. c3 h6 22. h4 h5 23. Bd4 g6 24. Bf3 Kh7 25. Kf2 Qc7 26. Be3 Rxc3 27. Rxc3 Qxc3 28. Rd1 Bxb4 29. Qe2 Qc2 30. Bxh5 gxh5 31. Rd2 Bxd2 32. Qxh5+ Kg7 33. Qg5+ Kf7 34. Qf6+ Ke8 35. Qxe6+ Kd8 36. Qf6+ Kd7 37. Qd6+ Ke8 38. Qe6+ Kf8 39. Qf6+ Ke8 40. Qe6+ 1/2-1/2

[Event "January 9 Late 2024"]
[Site "https://www.chess.com"]
[Date "2024.01.09"]
[Round "10"]
[White "Mendez Fortes, Eduardo Jesus"]
[Black "Reprintsev, Alexander"]
[Result "1-0"]
[Board "63"]
[TimeControl "180+1"]
[WhiteFideId "3502376"]
[BlackFideId "14100541"]
[WhiteElo "2572"]
[BlackElo "2491"]
[WhiteTeam "CUB"]
[BlackTeam "UKR"]
[WhiteClock "0:00:06"]
[BlackClock "0:00:00"]

1. e4 d5 2. exd5 Qxd5 3. Nc3 Qa5 4. d4 Nf6 5. Bc4 Nc6 6. Ne2 Be6 7. Bxe6 fxe6 8. Bd2 O-O-O 9. a4 Qh5 10. Be3 e5 11. d5 e6 12. dxc6 Rxd1+ 13. Rxd1 Bb4 14. O-O Nd5 15. cxb7+ Kxb7 16. Nxd5 exd5 17. Rxd5 Qxe2 18. Rb5+ Ka8 19. Rxb4 Rb8 20. Re4 Qxc2 21. Rxe5 Qxa4 22. Re7 Rxb2 23. Rxc7 Rb7 24. Rc8+ Rb8 25. Rcc1 Qe4 26. Ra1 Rb7 27. Rfe1 Qg6 28. Red1 Qf6 29. Rac1 a5 30. Rd5 Qa6 31. Ra1 a4 32. Rd2 h6 33. h3 g5 34. Kh2 Rb5 35. Rd4 a3 36. Rd2 Kb7 37. Rda2 Rb3 38. g3 h5 39. Bc5 h4 40. Rxa3 Rxa3 41. Rxa3 Qe2 42. Be3 hxg3+ 43. Kxg3 Qb5 44. Ra7+ Kc6 45. Kg4 Kd6 46. Rg7 Ke6 47. Rxg5 Qe2+ 48. Kg3 Kf6 49. Rg4 Qd1 50. Kg2 Qd5+ 51. Kh2 Qd6+ 52. Bf4 Qc5 53. Bg3 Qc1 54. h4 Qd1 55. Rg5 Qf3 56. Re5 Kg6 57. Rg5+ Kh7 58. Re5 Qd1 59. Re3 Qg4 60. Kg2 Qd7 61. Re5 Qc6+ 62. Kh3 Qc8+ 63. Kh2 Qc2 64. h5 Qd3 65. Bf4 Qf3 66. Bg3 1-0

[Event "January 9 Late 2024"]
[Site "https://www.chess.com"]
[Date "2024.01.10"]
[Round "10"]
[White "Hoeffer, David"]
[Black "Yurasov, Matfey"]
[Result "0-1"]
[Board "64"]
[TimeControl "180+1"]
[WhiteFideId "24606766"]
[BlackFideId "55617603"]
[WhiteElo "2473"]
[BlackElo "2571"]
[WhiteTeam "GER"]
[BlackTeam "FID"]
[WhiteClock "0:01:36"]
[BlackClock "0:01:41"]

1. e4 e5 2. Nf3 Nf6 3. d4 Nxe4 4. dxe5 d5 5. Bd3 Nc5 6. O-O Nxd3 7. Qxd3 Be7 8. c3 O-O 9. g3 c5 10. h4 h6 11. Bf4 Nc6 12. Nbd2 Bg4 13. Nh2 Be6 14. Rad1 Qd7 15. f3 Rad8 16. Qe2 Qc8 17. Qf2 f6 18. exf6 Bxf6 19. Qxc5 d4 20. Ne4 Be7 21. Qh5 Rd5 22. Bg5 hxg5 23. Nxg5 Bxg5 24. hxg5 Bf7 25. Qh4 Qf5 26. f4 dxc3 27. bxc3 Rxd1 28. Rxd1 Qc2 29. Rd7 Re8 30. Nf3 Re2 31. Kh1 Qb1+ 32. Ng1 Qe4+ 0-1

[Event "January 9 Late 2024"]
[Site "https://www.chess.com"]
[Date "2024.01.09"]
[Round "10"]
[White "Nikologorsky, Matfei"]
[Black "Tulchynskyi, Feliks"]
[Result "1-0"]
[Board "65"]
[TimeControl "180+1"]
[WhiteFideId "24102474"]
[BlackFideId "34127895"]
[WhiteElo "2469"]
[BlackElo "2570"]
[WhiteTeam "FID"]
[BlackTeam "UKR"]
[WhiteClock "0:00:17"]
[BlackClock "0:00:23"]

1. e4 e6 2. d4 d5 3. Nd2 c5 4. Ngf3 Nf6 5. exd5 Nxd5 6. Bb5+ Bd7 7. Bxd7+ Nxd7 8. O-O cxd4 9. Nxd4 Bc5 10. Ne4 Be7 11. Qg4 g6 12. Nxe6 fxe6 13. Qxe6 Nf8 14. Qe5 Kf7 15. Rd1 Ne6 16. Rxd5 Qc7 17. Bf4 Qxe5 18. Bxe5 Rhd8 19. Rad1 Rac8 20. Rxd8 Nxd8 21. c3 Nc6 22. Bf4 Ke6 23. g3 Kf5 24. Nd6+ Bxd6 25. Rxd6 Re8 26. Kf1 Re7 27. f3 h5 28. b4 a6 29. a4 Na7 30. Rd5+ Ke6 31. Re5+ Kf7 32. Rxe7+ Kxe7 33. Ke2 Ke6 34. Kd3 Nc6 35. b5 axb5 36. axb5 Na5 37. Be3 Kd5 38. Bd4 Nc4 39. h4 Nd6 40. b6 Nc4 41. g4 Nd6 42. Ke3 Ke6 43. Kf4 Nf7 44. c4 hxg4 45. fxg4 Kd6 46. h5 gxh5 47. gxh5 Ke6 48. c5 Kd5 49. Bf2 Ke6 50. c6 Nd6 51. Bc5 bxc6 52. Bxd6 Kxd6 53. h6 c5 54. h7 c4 55. h8=Q Kc6 56. Qf6+ Kb5 57. b7 Kc5 58. b8=Q Kd5 59. Qb5# 1-0

[Event "January 9 Late 2024"]
[Site "https://www.chess.com"]
[Date "2024.01.09"]
[Round "10"]
[White "Rees, Ioan"]
[Black "Van Dael, Siem"]
[Result "1-0"]
[Board "66"]
[TimeControl "180+1"]
[WhiteFideId "1801236"]
[BlackFideId "1049771"]
[WhiteElo "2413"]
[BlackElo "2568"]
[WhiteTeam "WLS"]
[BlackTeam "NED"]
[WhiteClock "0:01:13"]
[BlackClock "0:00:29"]

1. Nf3 Nf6 2. d4 d5 3. c4 c6 4. cxd5 cxd5 5. Nc3 Nc6 6. Bf4 a6 7. Ne5 Bd7 8. e3 e6 9. Bd3 Be7 10. O-O O-O 11. Rc1 Rc8 12. Bb1 g6 13. a3 Nxe5 14. Bxe5 Ne8 15. h3 f6 16. Bg3 Bd6 17. f4 Bc6 18. Bh4 Ng7 19. g4 Qb6 20. Rf2 f5 21. Bg5 Rf7 22. Bh6 Bf8 23. Bxg7 Bxg7 24. h4 Rcf8 25. h5 gxh5 26. g5 h6 27. Qxh5 hxg5 28. fxg5 Qc7 29. g6 Bf6 30. gxf7+ Rxf7 31. Rg2+ Rg7 32. Ne2 e5 33. Bxf5 exd4 34. Be6+ Kf8 35. Qh8+ 1-0

[Event "January 9 Late 2024"]
[Site "https://www.chess.com"]
[Date "2024.01.09"]
[Round "10"]
[White "Przybylski, Wojciech"]
[Black "Haszon, David"]
[Result "0-1"]
[Board "67"]
[TimeControl "180+1"]
[WhiteFideId "1117599"]
[BlackFideId "733610"]
[WhiteElo "2565"]
[BlackElo "2427"]
[WhiteTeam "POL"]
[BlackTeam "HUN"]
[WhiteClock "0:00:07"]
[BlackClock "0:00:52"]

1. e4 c6 2. d4 d5 3. e5 Bf5 4. g4 Bg6 5. h4 h5 6. Nh3 e6 7. Nf4 Na6 8. Nxg6 fxg6 9. Bg5 Be7 10. Bd3 Bxg5 11. Bxg6+ Kd7 12. hxg5 Qxg5 13. gxh5 Qxg6 14. Nc3 Qg2 15. Kd2 Rf8 16. Kc1 Qxf2 17. a3 Ne7 18. Kb1 Rf4 19. Ka2 Qxd4 20. Qe1 Rhf8 21. Qg3 Rf2 22. Rac1 R8f3 23. Qxg7 Rxc3 24. bxc3 Qc4+ 25. Kb2 Nc5 26. Rh3 Qb3+ 27. Ka1 Qxa3+ 28. Kb1 Na4 29. c4 Qb2# 0-1

[Event "January 9 Late 2024"]
[Site "https://www.chess.com"]
[Date "2024.01.09"]
[Round "10"]
[White "Luukkonen, Tommi"]
[Black "Serban, Cristian-Stefan"]
[Result "0-1"]
[Board "68"]
[TimeControl "180+1"]
[WhiteFideId "501808"]
[BlackFideId "1241443"]
[WhiteElo "2408"]
[BlackElo "2559"]
[WhiteTeam "FIN"]
[BlackTeam "ROU"]
[WhiteClock "0:00:00"]
[BlackClock "0:00:03"]

1. d4 g6 2. e4 Bg7 3. Nc3 c6 4. Nf3 d5 5. h3 dxe4 6. Nxe4 Nf6 7. Nxf6+ exf6 8. Bc4 O-O 9. O-O b5 10. Bb3 Nd7 11. a4 Nb6 12. axb5 cxb5 13. Re1 Bb7 14. Qd3 Qd7 15. Nd2 f5 16. c3 b4 17. Nf3 Be4 18. Qe3 Rfe8 19. Ne5 Bxe5 20. dxe5 bxc3 21. bxc3 Qb5 22. c4 Nxc4 23. Qc3 Nxe5 24. Ba4 Qd3 25. Bb2 Qxc3 26. Bxc3 Nd3 27. Bxe8 Nxe1 28. Bb5 Nc2 29. Rc1 Na3 30. Ba6 Rb8 31. f3 Bb7 32. Be2 a6 33. Be5 Rc8 34. Rd1 Re8 35. f4 Nb5 36. Bc4 Bc6 37. g4 fxg4 38. hxg4 h5 39. gxh5 gxh5 40. Kf2 Kh7 41. Rg1 Rd8 42. Rg7+ Kh6 43. Rxf7 Be4 44. Rf6+ Kh7 45. Bf7 h4 46. Bg6+ Bxg6 47. Rxa6 Nd4 48. Ra7+ Kh6 49. Ra6 Nf5 50. Bf6 Rd3 51. Bg5+ Kh5 52. Ra7 h3 53. Ra8 Kg4 54. Rh8 Bh5 55. Rg8 Rd2+ 56. Ke1 Ra2 57. Be7+ Kf3 58. Bc5 Bg4 59. Kd1 h2 0-1

[Event "January 9 Late 2024"]
[Site "https://www.chess.com"]
[Date "2024.01.09"]
[Round "10"]
[White "Sadovsky, Artem"]
[Black "Prieto Aranguren, Alain"]
[Result "1-0"]
[Board "69"]
[TimeControl "180+1"]
[WhiteFideId "4155840"]
[BlackFideId "2268906"]
[WhiteElo "2556"]
[BlackElo "2407"]
[WhiteTeam "FID"]
[BlackTeam "ESP"]
[WhiteClock "0:03:09"]
[BlackClock "0:01:17"]

1. Nf3 g6 2. e3 Bg7 3. Be2 e5 4. O-O e4 5. Ne1 d5 6. d3 Nf6 7. dxe4 Nxe4 8. Nd2 Nxd2 9. Qxd2 O-O 10. Nd3 c6 11. Rb1 Nd7 12. b4 Ne5 13. Nxe5 Bxe5 14. Bb2 Bxb2 15. Rxb2 Qf6 16. c4 Be6 17. c5 Rad8 18. Qd4 Qg5 19. h4 Qh6 20. b5 Rfe8 21. bxc6 bxc6 22. Rb7 Bc8 23. Rxa7 Re6 24. Bg4 Re4 25. Qf6 Rf8 26. Bxc8 Rxh4 27. Bh3 1-0

[Event "January 9 Late 2024"]
[Site "https://www.chess.com"]
[Date "2024.01.09"]
[Round "10"]
[White "Aliakbarov, Anar"]
[Black "Melamed, Daniel"]
[Result "1-0"]
[Board "70"]
[TimeControl "180+1"]
[WhiteFideId "13401858"]
[BlackFideId "3229076"]
[WhiteElo "2553"]
[BlackElo "2361"]
[WhiteTeam "TUR"]
[BlackTeam "AUS"]
[WhiteClock "0:00:29"]
[BlackClock "0:00:00"]

1. d4 Nf6 2. c4 e6 3. g3 d5 4. Bg2 dxc4 5. Nf3 a6 6. a4 Nc6 7. O-O Be7 8. Na3 Bd7 9. Nxc4 b5 10. Nce5 Rb8 11. axb5 axb5 12. Nxd7 Qxd7 13. Ra6 Nb4 14. Ne5 Qc8 15. Ra7 O-O 16. Bd2 Rd8 17. Qb3 Rxd4 18. Bc3 Bc5 19. Bxd4 Bxd4 20. Qxb4 Bxa7 21. Nc6 Qd7 22. Nxa7 Nd5 23. Qc5 h6 24. Nc6 Rb6 25. Bxd5 exd5 26. Ne7+ Kh7 27. Nxd5 Rd6 28. e4 c6 29. Ne3 Rd2 30. b4 Qd4 31. Qf5+ Kg8 32. Rc1 Qxb4 33. Rxc6 Qb2 34. Rc8+ 1-0

[Event "January 9 Late 2024"]
[Site "https://www.chess.com"]
[Date "2024.01.09"]
[Round "10"]
[White "Rangel, Daniel"]
[Black "Nita, Lucian"]
[Result "0-1"]
[Board "71"]
[TimeControl "180+1"]
[WhiteFideId "2124475"]
[BlackFideId "1206923"]
[WhiteElo "2552"]
[BlackElo "2355"]
[WhiteTeam "BRA"]
[BlackTeam "ROU"]
[WhiteClock "0:00:09"]
[BlackClock "0:00:10"]

1. c4 d6 2. g3 Nf6 3. Bg2 g6 4. Nc3 Bg7 5. e3 O-O 6. Nge2 c5 7. O-O Nc6 8. b3 Rb8 9. d3 Bd7 10. Bb2 a6 11. Qd2 b5 12. Nd5 Nxd5 13. cxd5 Na7 14. Bxg7 Kxg7 15. e4 e5 16. f4 f6 17. h4 Bg4 18. Bf3 Bxf3 19. Rxf3 b4 20. f5 Nb5 21. g4 Rb7 22. Raf1 Rbf7 23. g5 fxg5 24. hxg5 gxf5 25. exf5 Rg8 26. f6+ Kf8 27. Rg3 Qa8 28. g6 hxg6 29. Qh6+ Ke8 30. Rxg6 Rxg6+ 31. Qxg6 Qxd5 32. Qg8+ Kd7 33. Ng3 Nc7 34. Ne4 Qe6 35. Qg3 Rf8 36. Ng5 Qg8 37. f7 Qg6 38. Qg4+ Ne6 39. Rf5 Ke7 40. Kh2 Nxg5 41. Rxg5 Qh6+ 42. Rh5 Qd2+ 43. Kh3 Qxd3+ 44. Kg2 Qd2+ 45. Kh3 Qe3+ 46. Kg2 Rxf7 47. Qh4+ Kd7 48. Rh7 Qf3+ 49. Kg1 Qf1+ 50. Kh2 Qe2+ 51. Kg3 Rxh7 52. Qxh7+ Kc6 53. Qa7 Qe3+ 54. Kg4 Qe2+ 55. Kf5 Kd5 56. Qf7+ Kd4 57. Ke6 d5 58. Qb7 Qg4+ 59. Kf6 Qh4+ 60. Kg6 Qg4+ 61. Kf6 c4 62. Qb6+ Kd3 63. Kxe5 Qe4+ 64. Kf6 Qd4+ 65. Ke6 Qxb6+ 0-1

[Event "January 9 Late 2024"]
[Site "https://www.chess.com"]
[Date "2024.01.09"]
[Round "10"]
[White "Hajiyev, Kanan"]
[Black "Jose Iraeta, Alejandro"]
[Result "1-0"]
[Board "72"]
[TimeControl "180+1"]
[WhiteFideId "13404148"]
[BlackFideId "2226537"]
[WhiteElo "2549"]
[BlackElo "2279"]
[WhiteTeam "AZE"]
[BlackTeam "ESP"]
[WhiteClock "0:01:00"]
[BlackClock "0:00:00"]

1. d4 d5 2. c4 c6 3. cxd5 cxd5 4. Nc3 Nf6 5. Nf3 e6 6. Bg5 Be7 7. e3 O-O 8. Bd3 Nc6 9. O-O h6 10. Bf4 Bd6 11. Bxd6 Qxd6 12. a3 e5 13. dxe5 Nxe5 14. Nxe5 Qxe5 15. Qf3 Rd8 16. Qg3 Qxg3 17. hxg3 d4 18. exd4 Rxd4 19. Rad1 Kf8 20. Nb5 Rd8 21. Bc4 Bg4 22. f3 Bf5 23. Nd6 Bg6 24. Nxb7 Rxd1 25. Rxd1 Rb8 26. Rd8+ Rxd8 27. Nxd8 Nd7 28. Nc6 Nb6 29. Bb3 a6 30. a4 f6 31. Nb4 a5 32. Nc6 Be8 33. Nxa5 Bxa4 34. Bxa4 Nxa4 35. b3 Nc3 36. Kf2 Ke7 37. Ke3 Kd6 38. Kd3 Nd5 39. Nb7+ Kc6 40. Nd8+ Kb5 41. Ne6 g6 42. Nf4 Ne7 43. Kc3 g5 44. Ne2 Nd5+ 45. Kc2 Ne3+ 46. Kc3 Nxg2 47. Nd4+ Kc5 48. Nf5 h5 49. b4+ Kb5 50. Nd6+ Kc6 51. Ne4 h4 52. gxh4 gxh4 53. Nxf6 Ne3 54. Kd3 Nd5 55. Nxd5 h3 56. Ne7+ Kd7 57. Nf5 h2 58. Ng3 1-0

[Event "January 9 Late 2024"]
[Site "https://www.chess.com"]
[Date "2024.01.09"]
[Round "10"]
[White "Kornyukov, Alexey"]
[Black "Ferreira, Vitor Hugo Vieira"]
[Result "0-1"]
[Board "73"]
[TimeControl "180+1"]
[WhiteFideId "4150457"]
[BlackFideId "2119765"]
[WhiteElo "2307"]
[BlackElo "2547"]
[WhiteTeam "RUS"]
[BlackTeam "BRA"]
[WhiteClock "0:00:00"]
[BlackClock "0:00:02"]

1. d4 d5 2. c4 c6 3. Nf3 Nf6 4. e3 e6 5. Nbd2 Bd6 6. Bd3 O-O 7. O-O Nbd7 8. e4 e5 9. cxd5 cxd5 10. Re1 dxe4 11. Nxe4 Nxe4 12. Bxe4 exd4 13. Nxd4 Nc5 14. Bf3 Qf6 15. Nb5 Be5 16. Qd5 Nd7 17. Nc3 a6 18. Be3 Rb8 19. Rac1 b5 20. Ne4 Qg6 21. Nc5 Nxc5 22. Bxc5 Re8 23. Rxe5 Be6 24. Qe4 Qh6 25. Re1 Rec8 26. b4 Qf6 27. a3 g6 28. h3 Bf5 29. Qe3 h5 30. Qf4 Qd8 31. Rxf5 gxf5 32. Qxf5 Qd2 33. Re4 Re8 34. Qg5+ Qxg5 35. Rd4 Re1+ 36. Kh2 Qe5+ 37. g3 Rc8 38. Rf4 Rxc5 39. bxc5 Qxc5 40. Be4 Rf1 41. Kg2 Rc1 42. Bf3 Rc4 0-1

[Event "January 9 Late 2024"]
[Site "https://www.chess.com"]
[Date "2024.01.09"]
[Round "10"]
[White "Avramidou, Anastasia"]
[Black "Dourerassou, Jonathan"]
[Result "0-1"]
[Board "74"]
[TimeControl "180+1"]
[WhiteFideId "4239873"]
[BlackFideId "628050"]
[WhiteElo "2517"]
[BlackElo "2781"]
[WhiteTeam "GRE"]
[BlackTeam "FRA"]
[WhiteClock "0:00:01"]
[BlackClock "0:00:42"]

1. Nf3 Nf6 2. c4 g6 3. Nc3 Bg7 4. e4 O-O 5. d4 d6 6. h4 Nbd7 7. Be2 c5 8. d5 Re8 9. Bg5 a6 10. a4 e6 11. h5 exd5 12. exd5 Qb6 13. Qc2 Ne5 14. a5 Nxf3+ 15. gxf3 Qc7 16. h6 Bf5 17. Qd2 Bh8 18. Kf1 Nd7 19. Kg2 Bd4 20. Be3 Bf6 21. Bf4 Ne5 22. Bg3 Re7 23. Ne4 Bh8 24. Bh4 Bxe4 25. fxe4 f6 26. f3 Rae8 27. Rae1 Rf7 28. f4 Nd7 29. Bg4 Nf8 30. Re2 Rfe7 31. Rhe1 b5 32. axb6 Qxb6 33. Bg3 Qb3 34. Qc3 Qb8 35. Qc2 Rb7 36. Bf3 Rb3 37. Bf2 Qb4 38. Bg3 a5 39. Kh3 a4 40. Kg2 Kf7 41. e5 fxe5 42. Rf1 e4 43. Bxe4 Rxb2 44. Qd1 Rxe4 45. Rxb2 Qxb2+ 46. Rf2 Qd4 47. Qxa4 Qxc4 48. Qa7+ Re7 49. Qb8 Qxd5+ 50. Kh2 Bd4 51. f5 Bxf2 52. fxg6+ Nxg6 0-1

[Event "January 9 Late 2024"]
[Site "https://www.chess.com"]
[Date "2024.01.09"]
[Round "10"]
[White "Hambleton, Aman"]
[Black "Urbina Perez, Juan Antonio"]
[Result "0-1"]
[Board "75"]
[TimeControl "180+1"]
[WhiteFideId "2606577"]
[BlackFideId "2217368"]
[WhiteElo "2691"]
[BlackElo "2517"]
[WhiteTeam "CAN"]
[BlackTeam "ESP"]
[WhiteClock "0:00:00"]
[BlackClock "0:00:53"]

1. e4 c6 2. Nf3 d5 3. d3 dxe4 4. dxe4 Qxd1+ 5. Kxd1 g6 6. c3 Bh6 7. Nfd2 e5 8. a4 a5 9. Nc4 Nd7 10. Nd6+ Ke7 11. Nxc8+ Rxc8 12. Nd2 b6 13. Kc2 f6 14. b3 Nc5 15. Ba3 Ke6 16. Bc4+ Kd7 17. Rhd1 Bxd2 18. Rxd2+ Kc7 19. Bxc5 bxc5 20. Rad1 Nh6 21. Rd7+ Kb6 22. f3 Rc7 23. R7d6 Rf8 24. Re6 f5 25. Rxe5 fxe4 26. Rxe4 Nf5 27. Rd2 Re7 28. Rxe7 Nxe7 29. Re2 Nf5 30. f4 Rd8 31. g3 Nd6 32. Bd3 Rd7 33. Rd2 Ne8 34. Bc4 Rxd2+ 35. Kxd2 Kc7 36. Bg8 Nf6 37. Bc4 Kd6 38. Ke2 Ne4 39. Ke3 Nxc3 40. g4 Nd5+ 41. Ke4 Nf6+ 42. Kf3 Nd5 43. g5 Ke6 44. h4 Kd6 45. Kg3 Ke7 46. Bd3 Ne3 47. Kf3 Nd5 48. f5 Kf7 0-1

[Event "January 9 Late 2024"]
[Site "https://www.chess.com"]
[Date "2024.01.09"]
[Round "10"]
[White "Baziuk, Vladyslav"]
[Black "Martin Barcelo, Carles"]
[Result "1-0"]
[Board "76"]
[TimeControl "180+1"]
[WhiteFideId "34107940"]
[BlackFideId "24561444"]
[WhiteElo "2659"]
[BlackElo "2512"]
[WhiteTeam "UKR"]
[BlackTeam "ESP"]
[WhiteClock "0:02:26"]
[BlackClock "0:02:25"]

1. e4 e6 2. d4 d5 3. e5 c5 4. c3 Bd7 5. Nf3 Qb6 6. Bd3 cxd4 7. cxd4 Bb5 8. Nc3 Bxd3 9. Qxd3 Nc6 10. O-O Nge7 11. Be3 Rd8 12. a3 Nf5 13. b4 Be7 14. Na4 Qc7 15. Rac1 Qb8 16. Nc5 O-O 17. g4 Nxe3 18. fxe3 Rc8 19. Nd7 Qa8 20. Nxf8 Bxf8 21. Ng5 Nd8 22. Qxh7# 1-0